 Dungeon Crawl Stone Soup version 0.26-a0-835-g8259106e14 (webtiles) character file.

Game seed: 1577420178516157976

11761 ringo67 the Fighter (level 11, -14/101 HPs)
             Began as a Ghoul Abyssal Knight on Nov 17, 2020.
             Was a High Priest of Lugonu.
             Hit by a silver javelin thrown by a minotaur (15 damage)
             ... in a Gauntlet.
             The game lasted 00:35:35 (13817 turns).

ringo67 the Fighter (Ghoul Abyssal Knight)         Turns: 13817, Time: 00:35:36

Health: -14/101    AC: 20    Str: 20    XL:     11   Next: 82%
Magic:  22/22      EV: 11    Int:  7    God:    Lugonu [*****.]
Gold:   1279       SH: 12    Dex:  8    Spells: 10/10 levels left

rFire    . . .     SeeInvis +   I - +4 broad axe (venom)
rCold    + + .     Faith    .   H - +2 kite shield {AC+3}
rNeg     + + +     Spirit   .   R - +3 scale mail of Hide-and-Seek {MP+9}
rPois    ∞         Reflect  .   v - +0 helmet
rElec    +         Harm     .   B - +1 cloak {MR+}
rCorr    .         Rampage  .   a - +0 pair of gloves
MR       ++...     NoTele   +   f - +0 pair of boots
Stlth    ..........             k - amulet of the acrobat
HPRegen  0.00/turn              g - +4 ring of slaying
MPRegen  0.18/turn              b - ring "Unoahu" {rElec rC+ MR+ SInv}

@: no status effects
A: rotting body, claws 1, cold resistance 1, negative energy resistance 3,
inhibited regeneration, torment resistance, unbreathing
a: Depart the Abyss, Bend Space, Banish, Corrupt, Enter the Abyss, Renounce
Religion


You were in a Gauntlet.
You worshipped Lugonu.
Lugonu was extremely pleased with you.
You visited 2 branches of the dungeon, and saw 10 of its levels.
You visited the Abyss 1 time.
You also visited: Sewer, Bailey and Gauntlet.

You collected 1279 gold pieces.

Inventory:

Hand Weapons
 E - a +2 dagger of venom
 I - a +4 broad axe of venom (weapon)
Missiles
 h - 4 throwing nets
 D - 33 poisoned darts (quivered)
Armour
 a - a +0 pair of gloves (worn)
 e - a +0 plate armour
 f - a +0 pair of boots (worn)
 v - a +0 helmet (worn)
 B - a +1 cloak of magic resistance (worn)
 H - a +2 kite shield of protection (worn)
 R - the +3 scale mail of Hide-and-Seek (worn) {MP+9}
   (You found it on level 6 of the Dungeon)

   It affects your magic capacity (+9).
Jewellery
 b - the ring "Unoahu" (right hand) {rElec rC+ MR+ SInv}
   (You found it in a Gauntlet)

   [ring of see invisible]

   It protects you from cold.
   It insulates you from electricity.
   It affects your resistance to hostile enchantments.
   It lets you see invisible.
 g - a +4 ring of slaying (left hand)
 k - an amulet of the acrobat (around neck)
 m - a cursed amulet of inaccuracy {unknown}
 n - an uncursed ring of protection from cold
 C - an uncursed amulet of regeneration {unknown}
 L - a cursed amulet of inaccuracy {unknown}
 N - an uncursed amulet of magic regeneration {unknown}
Wands
 u - a wand of paralysis (6)
 A - a wand of iceblast (4)
 K - a wand of polymorph (17)
Scrolls
 c - a scroll of summoning {unknown}
 d - 7 scrolls of teleportation
 i - 5 scrolls of identify
 y - a scroll of enchant weapon
 T - a scroll of fear
Potions
 j - a potion of magic
 l - 3 potions of invisibility
 o - a potion of resistance
 q - a potion of experience {unknown}
 r - 9 potions of curing
 s - 3 potions of might
 t - a potion of cancellation
 w - a potion of degeneration {unknown}
 F - a potion of brilliance {unknown}
 G - a potion of flight {unknown}
 M - a potion of attraction {unknown}
 Q - 5 potions of haste


   Skills:
 + Level 10.4 Fighting
 - Level 4.9 Short Blades
 + Level 8.5 Armour
 + Level 8.3 Dodging
 + Level 6.8 Shields
 - Level 5.1 Invocations


You had 10 spell levels left.
You didn't know any spells.
Your spell library contained the following spells:

 Spells                   Type           Power        Failure   Level
 Animate Skeleton         Necr           #.....       97%         1
 Pain                     Necr           #...         97%         1
 Vampiric Draining        Necr           #.........   100%        3
 Animate Dead             Necr           #.........   100%        4
 Agony                    Necr           #.......     100%        5


Dungeon Overview and Level Annotations

Branches:
Dungeon (8/15)             Temple (0/1) D:7            Lair (2/6) D:8
  Sewer (visited)          Bailey (visited)         Gauntlet (1/1)
  Swamp: Lair:2-4    Shoals: Lair:2-4     Snake: Lair:2-4    Spider: Lair:2-4

Altars:
Cheibriados
Elyvilon
Hepliaklqana
Makhleb
Qazlal
Ru
Wu Jian
Yredelemnul

Annotations:
Lair:1 3 runed translucent doors, DocClef's ghost, journeyman GnDe Gauntlet 12 transporters, 21 runed translucent doors


Innate Abilities, Weirdness & Mutations

Your body is rotting away.
You thrive by killing the living.
You are immune to poison.
You have sharp fingernails.
Your flesh is cold resistant. (rC+)
You are immune to negative energy. (rN+++)
You do not regenerate when monsters are visible.
You are immune to unholy pain and torment.
You can survive without breathing.


Message History

The minotaur is severely wounded.
You block the minotaur's attack. The minotaur gores you!
Your shield and scale mail of Hide-and-Seek prevent you from hitting the minotaur.
The minotaur is severely wounded.
The minotaur hits you with the +6 broad axe "Ehari" {vamp, rF+}!!
The minotaur gores you!
* * * LOW HITPOINT WARNING * * *
You closely miss the minotaur.
The minotaur furiously retaliates!
The minotaur headbutts you!
* * * LOW HITPOINT WARNING * * *
The minotaur is almost dead.
You block the minotaur's attack. The minotaur gores you!
* * * LOW HITPOINT WARNING * * *
The minotaur hits you but does no damage.
The minotaur gores you but does no damage.
Okay, then.
Press: ? - help, Dir - move target cursor
As you read the scroll of blinking, it crumbles to dust.
The minotaur throws a silver javelin.
The silver javelin pierces through you!
You die...

..∩ #H# #######§#######
#......(......# #.###.###.###.#
#............ ###.###.###.#
#####.###.###.#####
#≈..@............§# ### ###
####8..©.©.©.©.©.©..8### #8# #8#
#8##≈..............§§##8
#################################
....................≈∩≈..........
.................................
#########.###########.###########
..?©[(.x#.#....zzzz.#.#WW=?©.|WW#
##...##.#.#.#.#z.z#.#.#.^##.##^W#


You could see a minotaur (very poisoned), a shadow and 4 flying skulls.

Vanquished Creatures
  Harold (D:8)
  2 orc knights (Bailey)
  4 elephants (Lair:2)
  Psyche (D:8)
  4 cane toads
  A komodo dragon (Lair:1)
  5 flying skulls (Gauntlet)
  Sigmund (D:4)
  4 yaks (Lair:1)
  Grum (D:8)
  2 fire bats (Gauntlet)
  2 swamp worms (Lair:1)
  2 water moccasins (Lair:1)
  A sky beast (D:6)
  10 orc warriors
  An ice beast (D:7)
  A black bear (D:6)
  3 ogres
  An eye of draining (D:8)
  A phantom (D:6)
  A necrophage (D:8)
  2 centaurs
  3 wolves (D:8)
  2 big kobolds
  7 bullfrogs
  4 scorpions
  A killer bee (D:7)
  4 howler monkeys
  2 electric eels (D:6)
  A quasit (D:7)
  A centaur zombie (D:6)
  2 orc priests
  6 hounds
  Crazy Yiuf (D:3)
  4 bullfrog skeletons
  A gnoll shaman (D:6)
  A jelly (D:7)
  4 orc wizards
  Jessica (D:2)
  An iguana (D:4)
  Ijyb (D:4)
  7 worker ants
  Robin (D:2)
  10 adders
  21 gnolls
  2 river rats (D:4)
  A shadow imp (D:4)
  3 white imps
  2 ufetubi
  4 oozes
  4 adder skeletons
  An adder zombie (D:5)
  5 worms
  3 dart slugs (D:1)
  4 leopard geckos
  31 orcs
  10 giant cockroaches
  37 goblins
  21 hobgoblins
  17 jackals
  25 kobolds
  8 quokkas
  5 ball pythons
  11 bats
  8 frilled lizards
  A leopard gecko zombie (D:6)
  9 rats
  A spectral orc (D:3)
350 creatures vanquished.

Vanquished Creatures (others)
  3 demonic plants (Gauntlet)
  5 fungi
  46 plants
54 creatures vanquished.

Grand Total: 404 creatures vanquished

Notes
Turn   | Place    | Note
-------+----------+-------------------------------------------
     0 | Abyss:1  | ringo67 the Ghoul Abyssal Knight began the quest for the
                  | Orb.
     0 | Abyss:1  | Reached XP level 1. HP: 19/19 MP: 1/1
     1 | Abyss:1  | Found a corrupted altar of Lugonu.
     6 | D:1      | Escaped the Abyss
    35 | D:1      | Reached skill level 1 in Dodging
    54 | D:1      | Reached XP level 2. HP: 25/26 MP: 2/2
   232 | D:1      | Reached ** piety under Lugonu
   233 | D:1      | Reached XP level 3. HP: 29/31 MP: 3/3
  1004 | D:2      | Reached XP level 4. HP: 38/40 MP: 5/5
  1021 | D:2      | Noticed Jessica
  1028 | D:2      | Killed Jessica
  1029 | D:2      | Reached skill level 4 in Fighting
  1053 | D:2      | Noticed Robin
  1092 | D:2      | Killed Robin
  1093 | D:2      | Reached *** piety under Lugonu
  1094 | D:2      | Reached XP level 5. HP: 45/46 MP: 6/6
  1540 | D:2      | Found a stormy altar of Qazlal.
  2617 | D:3      | Found a basalt altar of Yredelemnul.
  3030 | D:3      | Found a runed translucent door.
  3031 | D:3      | Noticed Crazy Yiuf
  3040 | D:3      | Killed Crazy Yiuf
  3041 | D:3      | Reached XP level 6. HP: 53/53 MP: 7/7
  3234 | D:4      | Noticed Sigmund
  3235 | D:4      | Found a glowing drain.
  3240 | D:4      | Killed Sigmund
  3241 | D:4      | Reached skill level 5 in Fighting
  3241 | D:4      | Reached XP level 7. HP: 45/61 MP: 7/9
  3269 | Sewer    | Entered a sewer
  3353 | Sewer    | Reached **** piety under Lugonu
  4039 | D:4      | Noticed Ijyb
  4061 | D:4      | Killed Ijyb
  4226 | D:4      | Reached skill level 5 in Invocations
  4711 | D:5      | Entered Level 5 of the Dungeon
  4805 | D:5      | Found a sacrificial altar of Ru.
  4806 | D:5      | Found a snail-covered altar of Cheibriados.
  4806 | D:5      | Found a hazy altar of Hepliaklqana.
  4807 | D:5      | Found a white marble altar of Elyvilon.
  4961 | D:5      | Reached XP level 8. HP: 62/70 MP: 10/10
  5291 | D:6      | Found an ornate altar of the Wu Jian Council.
  5323 | D:6      | Reached skill level 6 in Fighting
  5630 | D:6      | Reached ***** piety under Lugonu
  5666 | D:6      | Reached skill level 5 in Armour
  5674 | D:6      | Reached skill level 1 in Shields
  5871 | D:6      | Reached XP level 9. HP: 67/78 MP: 11/11
  6023 | D:6      | Got a pitted scale mail
  6374 | D:7      | Identified the +3 scale mail of Hide-and-Seek {MP+9} (You
                  | found it on level 6 of the Dungeon)
  6411 | D:7      | Found a staircase to the Ecumenical Temple.
  6443 | D:7      | Found a flagged portal.
  6444 | D:7      | Noticed a white ugly thing
  6462 | Bailey   | Entered a bailey
  6487 | Bailey   | Reached skill level 5 in Dodging
  6497 | Bailey   | Reached skill level 7 in Fighting
  6933 | Bailey   | Noticed an orc knight
  6960 | Bailey   | Killed an orc knight
  7347 | Bailey   | Noticed an orc knight
  7369 | Bailey   | Killed an orc knight
  7370 | Bailey   | Reached XP level 10. HP: 43/88 MP: 12/12
  7659 | Bailey   | Reached skill level 8 in Fighting
  7668 | Bailey   | Noticed an orc warlord
 10019 | D:8      | Noticed Grum
 10029 | D:8      | Killed Grum
 10190 | D:8      | Noticed Psyche
 10198 | D:8      | Killed Psyche
 10213 | D:8      | Reached skill level 5 in Shields
 10340 | D:8      | Found a burning altar of Makhleb.
 10346 | D:8      | Reached skill level 9 in Fighting
 10402 | D:8      | Found a staircase to the Lair.
 10521 | D:8      | Noticed Harold
 10526 | D:8      | Killed Harold
 10527 | D:8      | Reached XP level 11. HP: 97/97 MP: 13/13
 10971 | Lair:1   | Entered Level 1 of the Lair of Beasts
 11511 | Lair:1   | Found a runed translucent gate.
 11511 | Lair:1   | Found a runed translucent gate.
 11511 | Lair:1   | Found a runed translucent gate.
 11852 | Lair:1   | Noticed DocClef's ghost (journeyman GnDe)
 11939 | Lair:1   | HP: 2/99 [swamp worm/harpoon shot (2)]
 12561 | Lair:2   | Identified 2 scrolls of acquirement
 12561 | Lair:2   | Acquired 454 gold pieces
 12566 | Lair:2   | Acquired a +1 kite shield of protection
 12657 | Lair:2   | Reached skill level 10 in Fighting
 13027 | Lair:2   | Found a gate leading to a gauntlet.
 13036 | Gauntlet | Entered a Gauntlet
 13036 | Gauntlet | Found a transporter.
 13131 | Gauntlet | Noticed a fire crab
 13139 | Gauntlet | Found a transporter.
 13141 | Gauntlet | Found a transporter.
 13143 | Gauntlet | Found a transporter.
 13158 | Gauntlet | Found a transporter.
 13169 | Gauntlet | Found a transporter.
 13173 | Gauntlet | Noticed a death ooze
 13174 | Gauntlet | Found a transporter.
 13189 | Gauntlet | Found a transporter.
 13208 | Gauntlet | Found a transporter.
 13228 | Gauntlet | Found a transporter.
 13249 | Gauntlet | Found a transporter.
 13261 | Gauntlet | Found a transporter.
 13267 | Gauntlet | Found a transporter.
 13267 | Gauntlet | Found a transporter.
 13269 | Gauntlet | Found a transporter.
 13284 | Gauntlet | Found a large runed translucent door.
 13285 | Gauntlet | Found a large runed translucent door.
 13286 | Gauntlet | Found a large runed translucent door.
 13286 | Gauntlet | Found a large runed translucent door.
 13287 | Gauntlet | Found a runed translucent gate.
 13288 | Gauntlet | Found a transporter.
 13288 | Gauntlet | Found a runed translucent gate.
 13289 | Gauntlet | Found a runed translucent gate.
 13290 | Gauntlet | Found a large runed translucent door.
 13290 | Gauntlet | Found a large runed translucent door.
 13291 | Gauntlet | Found a large runed translucent door.
 13292 | Gauntlet | Found a large runed translucent door.
 13302 | Gauntlet | Found a large runed translucent door.
 13302 | Gauntlet | Found a large runed translucent door.
 13302 | Gauntlet | Found a runed translucent door.
 13302 | Gauntlet | Found a runed translucent door.
 13303 | Gauntlet | Found a large runed translucent door.
 13304 | Gauntlet | Found a large runed translucent door.
 13306 | Gauntlet | Found a transporter.
 13313 | Gauntlet | Found a large runed translucent door.
 13313 | Gauntlet | Found a large runed translucent door.
 13314 | Gauntlet | Found a large runed translucent door.
 13315 | Gauntlet | Found a large runed translucent door.
 13325 | Gauntlet | Found a transporter.
 13519 | Gauntlet | Got a glittering lead ring
 13786 | Gauntlet | Identified the ring "Unoahu" {rElec rC+ MR+ SInv} (You
                  | found it in a Gauntlet)
 13801 | Gauntlet | Identified the +6 broad axe "Ehari" {vamp, rF+}
 13801 | Gauntlet | Noticed a minotaur
 13802 | Gauntlet | Found the +10 morningstar "Eos" {elec, Halo rElec}
 13816 | Gauntlet | HP: 1/101 [minotaur/the +6 broad axe "Ehari" {vamp, rF+}
                  | (11)]
 13817 | Gauntlet | Hit by a silver javelin thrown by a minotaur

Illustrated notes

Levels and vault maps discovered:
D:1:      scummos_arrival_star, layout_basic, minmay_heptomino_o4
D:2:      layout_loops_corners, serial_forest, infiniplex_forest_lined_4_way,
          infiniplex_forest_straight_1, infiniplex_forest_clump_long,
          infiniplex_forest_clump_medium, infiniplex_forest_end_double,
          infiniplex_forest_zigzag_1, nicolae_qazlal_eye_of_the_storm,
          uniq_robin, uniq_jessica
D:3:      minmay_recursive_quarters, layout_basic,
          yredelemnul_forgotten_temple_becter, uniq_crazy_yiuf_cottage
D:4:      kennysheep_the_goblin_king, layout_basic, portal_sewer_entry_a,
          uniq_sigmund
D:5:      layout_loops_ring, chequers_temple_overflow_statue_of_worship
D:6:      layout_basic, nicolae_overflow_crystal_walls, serial_bayou_lake_a
D:7:      minmay_razor_zed, layout_loops_ring, minmay_temple_entry_junction,
          enter_bailey_3, minmay_misc_feat_x
D:8:      layout_loops_ring, lair_entry_dummy, makhleb_heckhound_becter,
          uniq_psyche, uniq_grum, uniq_harold
Lair:1:   layout_regular_city, gammafunk_ghost_icy,
          chequers_serial_rivers_large_a, grunt_forest_small_clearings,
          worms_lemuel
Lair:2:   layout_regular_city, gauntlet_entry_generic, serial_bayou_pond_a
Gauntlet: gammafunk_gauntlet_one_two_three [gammafunk_gauntlet_arena_crates,
          gammafunk_gauntlet_arena_arrow_garden, nicolae_gauntlet_swirl,
          gammafunk_gauntlet_arena_spirals, gammafunk_gauntlet_arena_corners,
          nicolae_gauntlet_arena_grate_2,
          gammafunk_gauntlet_arena_split_diamond,
          gammafunk_gauntlet_arena_mazey,
          minmay_gauntlet_arena_make_your_own_arena, gauntlet_exit_hidden_loot]

Skill      XL: |  1  2  3  4  5  6  7  8  9 10 11 |
---------------+----------------------------------+-----
Dodging        | 1 2 3 4 5 7 8 |  8.3
Armour         | 2 3 4 5 6 7 8 |  8.5
Fighting       | 4 5 6 7 9 10 | 10.4
Invocations    | 3 4 5 |  5.1
Short Blades   | 3 4 |  4.9
Shields        | 1 3 5 6 |  6.8

Action                   |  1- 3 |  4- 6 |  7- 9 | 10-12 || total
-------------------------+-------+-------+-------+-------++-------
Melee: Short sword       |   136 |    34 |       |       ||   170
       Dagger            |       |   150 |       |       ||   150
       Quarterstaff      |       |    22 |   440 |    27 ||   489
       Broad axe         |       |       |       |   292 ||   292
Throw: Dart              |       |       |     4 |     3 ||     7
Invok: Bend Space        |       |       |       |     6 ||     6
       Banish            |       |       |       |     1 ||     1
  Use: Scroll            |       |       |    13 |    14 ||    27
       Potion            |       |       |     6 |     1 ||     7
 Stab: Paralysed         |       |       |     3 |       ||     3
       Petrified         |       |       |       |     1 ||     1
Armor: Leather armour    |     8 |       |       |       ||     8
       Plate armour      |    92 |   120 |   199 |       ||   411
       Scale mail        |       |       |    73 |   231 ||   304
Dodge: Dodged            |    43 |    73 |   231 |   252 ||   599
Block: Kite shield       |       |       |       |   264 ||   264

Table legend: (Time is in decaauts)
 A = Elapsed time spent in this place.
 B = Non-inter-level travel time spent in this place.
 C = Inter-level travel time spent in this place.
 D = Time resting spent in this place.
 E = Time spent auto-exploring this place.
 F = Levels seen in this place.
 G = Mean time per level.
                   A        B        C        D        E       F      G
               +--------+--------+--------+--------+--------+-----+--------+
         Total |  14288 |  13867 |    421 |   3360 |   7103 |  14 | 1020.6 |
       Dungeon |   9613 |   9228 |    385 |   1355 |   5935 |   8 | 1201.6 |
          Lair |   2156 |   2121 |     35 |    876 |    939 |   2 | 1078.0 |
         Abyss |      6 |      6 |      0 |      0 |      0 |   1 |    6.0 |
         Sewer |    338 |    338 |      0 |     54 |    142 |   1 |  338.0 |
        Bailey |   1358 |   1358 |      0 |    686 |     25 |   1 | 1358.0 |
      Gauntlet |    815 |    815 |      0 |    389 |     61 |   1 |  815.0 |
               +--------+--------+--------+--------+--------+-----+--------+

Top non-repeatable levels by time:
     D:6: 2039 daAuts
  Lair:1: 1965 daAuts
     D:3: 1428 daAuts
  Bailey: 1358 daAuts
     D:4: 1252 daAuts
     D:7: 1108 daAuts
     D:5: 1029 daAuts
     D:8: 1013 daAuts
     D:2: 976 daAuts
Gauntlet: 815 daAuts
     D:1: 765 daAuts
   Sewer: 338 daAuts
  Lair:2: 191 daAuts
 Abyss:1: 6 daAuts
